 Dungeon Crawl Stone Soup version 0.29-a0-323-g050149af67 (webtiles) character file.

Game seed: 1057113248418434697

27 spiderkeys the Ducker (level 2, 0/16 HPs)
             Began as a Spriggan Abyssal Knight on Apr 11, 2022.
             Was a Believer of Lugonu.
             Frozen to death by an endoplasm (5 damage)
             ... on level 2 of the Dungeon.
             The game lasted 00:01:36 (1186 turns).

spiderkeys the Ducker (Spriggan Abyssal Knight)     Turns: 1186, Time: 00:01:37

Health: 0/16       AC:  3    Str:  9    XL:     2   Next: 93%
Magic:  4/4        EV: 18    Int: 11    God:    Lugonu [**....]
Gold:   95         SH:  0    Dex: 15    Spells: 1/1 levels left

rFire   . . .      SeeInvis +   a - +1 short sword
rCold   . . .      Faith    .   (no shield)
rNeg    . . .      Spirit   .   b - +1 robe
rPois   .          Reflect  .   (helmet restricted)
rElec   .          Harm     .   (no cloak)
rCorr   .          Rampage  .   (gloves unavailable)
Will    .....                   (boots unavailable)
Stlth   ++........              (no amulet)
HPRegen 0.05/turn               (no ring)
MPRegen 0.09/turn               (no ring)

@: very quick
A: very small, no large weapons, unfitting armour, see invisible, speed 3
a: Renounce Religion, Depart the Abyss, Bend Space


You were on level 2 of the Dungeon.
You worshipped Lugonu.
Lugonu was pleased with you.
You visited 1 branch of the dungeon, and saw 2 of its levels.
You visited the Abyss 1 time.

You collected 95 gold pieces.


Innate Abilities, Weirdness & Mutations

You are very small and have problems with some larger weapons.
You are too small for most types of armour.
You have supernaturally acute eyesight. (SInv)
You cover ground extremely quickly. (Speed+++)


   Skills:
 + Level 2.7 Fighting
 + Level 2.6 Short Blades
 + Level 3.6 Dodging
 + Level 1.8 Stealth
 - Level 2.0 Invocations


You had one spell level left.
You didn't know any spells.
Your spell library was empty.

Inventory:

Hand Weapons
 a - a +1 short sword (weapon)
Missiles
 d - 34 stones
Armour
 b - a +1 robe (worn)
Scrolls
 c - a scroll of teleportation {@r4}
Potions
 h - a potion of brilliance {unknown}
 i - a potion of haste {@q3}

Dungeon Overview and Level Annotations

Branches:
Dungeon (2/15)

Altars:

..........# ....
#....# ..
#..<.####
####.#####...#
.......S##...#
.####.#.##...#
..###.#S<....#
........##...#
.......@.....#
.......J.....#
..............#
...........##...
...........#
##..
............ ..
.............
..............


You could see an endoplasm and 2 ball pythons.


Message History

As you read the scroll labelled QECADO OLUOT, it crumbles to dust.
Magic quickly surges around you.
It was a scroll of vulnerability.
As you read the scroll labelled XOXIPS ATYU, it crumbles to dust.
It is a scroll of identify.
i - a potion of haste Your surroundings suddenly seem different.
The golden eye turns its gaze towards you.
The floating eye turns its gaze towards you.
The eye of devastation turns its gaze towards you.
There is a stone staircase leading down here.
You climb downwards.
There is a stone staircase leading up here.
You climb upwards.
There is a stone staircase leading down here.
Search for what [? for help]? .
You start waiting.
You feel your willpower return.
Done waiting.
You climb downwards.
There is a stone staircase leading up here.
A bat comes into view.
Found a stone staircase leading up.
The bat barely misses you.
You miss the bat. The bat closely misses you.
A worm and a rat come into view.
The bat barely misses you.
There is a stone staircase leading up here.
You hit the bat. The bat misses you.
A goblin comes into view. It is wielding a +0 club.
The bat barely misses you.
You hit the bat but do no damage. The bat closely misses you.
The bat misses you.
You barely miss the bat. The bat misses you. x2
You hit the bat.
You kill the bat!
Lugonu accepts your kill.
A ball python comes into view.
The worm completely misses you.
You barely miss the worm.
The goblin shouts!
A ball python comes into view.
You barely miss the worm.
The ball python hisses angrily.
The worm closely misses you. The rat completely misses you.
The ball python hisses angrily.
You hit the worm. The worm closely misses you. The rat barely misses you.
You barely miss the worm. The rat closely misses you.
You hit the worm but do no damage. The worm closely misses you.
The rat closely misses you. The rat misses you. The worm barely misses you.
The rat completely misses you.
You hit the worm. The ball python misses you.
The ball python closely misses you. The rat closely misses you.
You hit the worm. The ball python closely misses you.
The ball python misses you. The worm closely misses you.
The rat closely misses you.
You barely miss the worm. The ball python closely misses you.
The ball python completely misses you. The worm misses you.
You hit the worm. The rat closely misses you. The ball python misses you.
The ball python closely misses you.
You completely miss the worm. The ball python misses you.
The ball python closely misses you. The rat bites you.
The worm bites you. 😮 HP[-7]
You take 7 damage, and now have 9/16 hp.
MASSIVE DAMAGE!! (PAUSE)
You hit the worm.
You kill the worm!
Lugonu accepts your kill. The rat barely misses you. The ball python bites you.
* * * LOW HITPOINT WARNING * * *
The ball python closely misses you. The ball python misses you. x2 😨 HP[-2]
You take 2 damage, and now have 7/16 hp.
You miss the goblin. Your punch misses the goblin.
An endoplasm comes into view.
The goblin barely misses you. The rat closely misses you.
The ball python bites you.
* * * LOW HITPOINT WARNING * * *
The ball python misses you. The ball python closely misses you.
The ball python barely misses you. 😨 HP[-1]
You take 1 damage, and now have 6/16 hp.
You hit the goblin.
You kill the goblin!
Lugonu accepts your kill. The rat closely misses you.
The ball python barely misses you. The ball python misses you.
The ball python closely misses you. The ball python completely misses you.
You hit the rat.
You kill the rat!
Lugonu accepts your kill. The ball python bites you.
* * * LOW HITPOINT WARNING * * *
The ball python misses you. The ball python barely misses you.
The ball python misses you. 😨 HP[-1]
You take 1 damage, and now have 5/16 hp.
The endoplasm freezes you.
You are frozen.
You die...

Skill      XL: |  1 |
---------------+----+-----
Stealth        | 1 |  1.8
Invocations    | 2 |  2.0
Fighting       | |  2.7
Short Blades   | |  2.6
Dodging        | |  3.6

Action                   || total
-------------------------++-------
Melee: Short sword       ||    77
  Use: Scroll            ||     4
Armor: Robe              ||     3
Dodge: Dodged            ||    91

Levels and vault maps discovered:
D:1:      wheals_arrival_linesprint, layout_loops_ring,
          hellmonk_ecumenical_altar_watching_god, minmay_pentomino_o2
D:2:      cheibrodos_helix_gallery, layout_rooms, basic_altar,
          chequers_serial_rivers_marsh, hangedman_decor_riveting

Notes
Turn   | Place    | Note
-------+----------+-------------------------------------------
     0 | Abyss:1  | spiderkeys the Spriggan Abyssal Knight began the quest for
                  | the Orb.
     0 | Abyss:1  | Reached XP level 1. HP: 11/11 MP: 3/3
     0 | Abyss:1  | magus.rc [v1.11.3]
     9 | Abyss:1  | Found a corrupted altar of Lugonu.
    10 | Abyss:1  | Found a candlelit altar of Ignis.
    32 | D:1      | You pass through the gate.
    32 | D:1      | Escaped the Abyss
    84 | D:1      | Noticed a floating eye
   144 | D:1      | Noticed a golden eye
   146 | D:1      | Found a faded altar of an unknown god.
   147 | D:1      | Noticed an eye of devastation
   147 | D:1      | Noticed an eye of devastation
   160 | D:1      | Reached skill level 1 in Stealth
   179 | D:1      | Reached skill level 2 in Invocations
   179 | D:1      | Reached XP level 2. HP: 16/16 MP: 4/4
  1186 | D:2      | Frozen to death by an endoplasm

Vanquished Creatures
  A worm (D:2)
  2 ball pythons (D:1)
  An endoplasm (D:1)
  3 goblins
  3 hobgoblins (D:1)
  3 kobolds (D:1)
  2 bats
  5 frilled lizards (D:1)
  4 rats
24 creatures vanquished.

Table legend:
 A = Non-vault XP
 B = Vault XP
 C = Vault XP percentage of total XP
 D = Non-vault monster count
 E = Vault monster count
 F = Vault count percentage of total count
                 A         B        C        D         E       F
            +---------+---------+-------+---------+---------+-------
      Total |      37 |       2 |   5.1 |      23 |       1 |   4.2
            +---------+---------+-------+---------+---------+-------
        D:1 |      27 |       2 |   6.9 |      19 |       1 |   5.0
        D:2 |      10 |       0 |   0.0 |       4 |       0 |   0.0
            +---------+---------+-------+---------+---------+-------

Illustrated notes

Table legend:
 A = Kills in this place as a percentage of kills in entire the game.
 B = Kills by you in this place as a percentage of kills by you in the entire game.
 C = Kills by friends in this place as a percentage of kills by friends in the entire game.
 D = Other kills in this place as a percentage of other kills in the entire game.
 E = Experience gained in this place as a percentage of experience gained in the entire game.
 F = Experience gained in this place divided by the number of levels of this place that you have seen.
                   A       B       C       D       E      F
               +-------+-------+-------+-------+-------+----------------------
         Total | 100.0 | 100.0 |   N/A |   N/A | 100.0 |  13.0
       Dungeon | 100.0 | 100.0 |   N/A |   N/A | 100.0 |  19.5
               +-------+-------+-------+-------+-------+----------------------

Table legend: (Time is in decaauts)
 A = Elapsed time spent in this place.
 B = Non-inter-level travel time spent in this place.
 C = Inter-level travel time spent in this place.
 D = Time resting spent in this place.
 E = Time spent auto-exploring this place.
 F = Levels seen in this place.
 G = Mean time per level.
                   A        B        C        D        E       F      G
               +--------+--------+--------+--------+--------+-----+--------+
         Total |    905 |    893 |     12 |    104 |    632 |   3 |  301.7 |
       Dungeon |    885 |    873 |     12 |    104 |    627 |   2 |  442.5 |
         Abyss |     19 |     19 |      0 |      0 |      5 |   1 |   19.0 |
               +--------+--------+--------+--------+--------+-----+--------+

Top non-repeatable levels by time:
     D:1: 855 daAuts
     D:2: 30 daAuts
 Abyss:1: 19 daAuts
